 Dungeon Crawl Stone Soup version 0.26.1-11-gd32895ea62 (webtiles) character file.

Game seed: 9268593220530180528

28368 vvl the Grappler (level 13, -16/89 HPs)
             Began as an Octopode Fighter on July 12, 2021.
             Was an Initiate of Gozag.
             Shot with an arrow by a centaur warrior (33 damage)
             ... on level 13 of the Dungeon.
             The game lasted 01:25:41 (21623 turns).

vvl the Grappler (Octopode Fighter)                Turns: 21623, Time: 01:25:42

Health: -16/89     AC:  5    Str: 27    XL:     13   Next: 38%
Magic:  23/23      EV: 21    Int: 11    God:    Gozag
Gold:   3910       SH:  5    Dex: 11    Spells: 9/26 levels left

rFire    + . .     SeeInvis .     - Unarmed
rCold    . . .     Faith    .   N - +0 buckler of Casmy {*Drain rN+++ Str+7}
rNeg     + + +     Spirit   .   (helmet restricted)
rPois    .         Reflect  .   (no amulet)
rElec    .         Harm     .   l - ring of protection from fire
rCorr    .         Rampage  .   m - ring of positive energy
Will     .....                  t - +4 ring of protection
Stlth    ++........             A - ring of wizardry
HPRegen  0.24/turn              S - +4 ring of evasion
MPRegen  0.18/turn              E - ring of ice
                                P - ring of fire
                                (no ring)

@: gold aura
A: almost no armour, stealthy swim, amphibious, 8 rings, constrict 8, camouflage
1, gelatinous body 1
a: Renounce Religion, Potion Petition, Call Merchant, Bribe Branch


You were on level 13 of the Dungeon.
You worshipped Gozag.
Gozag was most pleased with you.
You visited 1 branch of the dungeon, and saw 13 of its levels.
You also visited: Ice Cave.

You collected 5050 gold pieces.
You spent 1100 gold pieces at shops.
You paid 40 gold pieces to Gozag.

Inventory:

Hand Weapons
 q - a +5 quarterstaff of chaos
 y - a +4 war axe
 D - a +0 whip of freezing
 J - the +1 short sword "Laet" {speed, rF+++ Stlth+}
   (You found it on level 9 of the Dungeon)

   Attacks with this weapon are significantly faster.
   It renders you almost immune to fire.
   It makes you more stealthy.
 L - a +2 dagger of venom
Armour
 N - the +0 buckler of Casmy (worn) {*Drain rN+++ Str+7}
   (You found it on level 9 of the Dungeon)

   It affects your strength (+7).
   It renders you almost immune to negative energy.
   It causes draining when unequipped.
Magical Staves
 B - an uncursed staff of earth
Jewellery
 l - a ring of protection from fire (left tentacle)
 m - a ring of positive energy (right tentacle)
 t - a +4 ring of protection (on tentacle)
 A - a ring of wizardry (on tentacle)
 E - a ring of ice (on tentacle)
 P - a ring of fire (on tentacle)
 S - a +4 ring of evasion (on tentacle)
 W - an uncursed amulet of reflection {unknown}
Wands
 b - a wand of polymorph (30)
 i - a wand of random effects (52)
 w - a wand of iceblast (5)
 G - a wand of flame (25)
 I - a wand of disintegration (16)
 V - a wand of enslavement (11)
Scrolls
 c - 2 scrolls of blinking
 d - 8 scrolls of amnesia
 f - a scroll of random uselessness {unknown}
 h - 2 scrolls of fear {unknown}
 j - 6 scrolls of enchant weapon
 k - 6 scrolls of magic mapping
 n - 9 scrolls of teleportation
 o - 6 scrolls of remove curse
 p - 8 scrolls of enchant armour
 r - 2 scrolls of fog
 C - a scroll of noise {unknown}
 K - 3 scrolls of identify
 O - 2 scrolls of immolation {unknown}
 R - a scroll of summoning {unknown}
 T - 2 scrolls of vulnerability {unknown}
Potions
 a - 2 potions of lignification {unknown}
 e - a potion of resistance
 g - 5 potions of brilliance
 s - a potion of curing
 u - 5 potions of flight
 v - 2 potions of ambrosia
 x - 3 potions of invisibility
 z - a potion of attraction {unknown}
 F - 2 potions of cancellation {unknown}
 H - a potion of berserk rage {unknown}
 M - a potion of magic {unknown}
 Q - a potion of haste {unknown}
Miscellaneous
 U - a lightning rod (4/4)


   Skills:
 + Level 8.5 Fighting
 + Level 8.4 Dodging
 - Level 5.3 Shields
 * Level 11.3 Unarmed Combat
 + Level 7.2 Spellcasting
 * Level 10.7 Transmutations
 - Level 8.0 Poison Magic
 + Level 4.2 Evocations


You had 9 spell levels left.
You knew the following spells:

 Your Spells              Type           Power        Failure   Level
a - Spider Form           Tmut/Pois      12%          1%          3
b - Mephitic Cloud        Conj/Pois/Air  9%           7%          3
c - Ignite Poison         Fire/Tmut/Pois 26%          1%          3
d - Ice Form              Ice/Tmut       23%          8%          4
e - Olgreb's Toxic Radia  Pois           21%          2%          4

Your spell library contained the following spells:

 Spells                   Type           Power        Failure   Level
 Beastly Appendage        Tmut           54%          1%          1
 Sting                    Tmut/Pois      96%          1%          1
 Poisonous Vapours        Pois/Air       24%          1%          2
 Wereblood                Tmut           27%          1%          2
 Blade Hands              Tmut           13%          2%          5
 Foxfire                  Conj/Fire      20%          7%          1
 Conjure Flame            Conj/Fire      5%           21%         3
 Inner Flame              Hex/Fire       5%           21%         3
 Sticky Flame             Conj/Fire      5%           52%         4
 Fireball                 Conj/Fire      2%           86%         5


Dungeon Overview and Level Annotations

Branches:
Dungeon (13/15)            Temple (0/1) D:4            Lair (0/6) D:10
    Orc (0/2) D:12          IceCv (visited)
 Vaults: D:13-14

Altars:
Cheibriados
Dithmenos
Elyvilon
Gozag
Hepliaklqana
Kikubaaqudgha
Makhleb
Okawaru
Ru
Yredelemnul
The Shining One
Beogh

Shops:
D:4 }   D:8 [   D:10 *([   D:12 *


Innate Abilities, Weirdness & Mutations

You cannot wear most types of armour.
You are very stealthy in the water. (Stealth+)
You are amphibious.
You can wear up to eight rings at the same time.
You can use your tentacles to constrict eight enemies at once.
Your skin changes colour to match your surroundings (Stealth+).
Your rubbery body absorbs attacks. (AC +1, EV +1)


Message History

You see here an arrow.
A meliai comes into view. It is wielding a +0 hand axe.
The centaur warrior shoots an arrow.
The arrow hits you!!
You see here an arrow.
You are too injured to fight recklessly!
You are too injured to fight recklessly!
You are too injured to fight recklessly!
You are too injured to fight recklessly!
As you read the scroll of fog, it crumbles to dust.
The scroll dissolves into smoke.
The centaur warrior shoots an arrow.
The arrow hits you!!
* * * LOW HITPOINT WARNING * * *
Blink to where?
Press: ? - help, Dir - move target You can't see that place. [the floor.]
Okay, then.
You feel better.
The centaur warrior shoots an arrow.
The arrow hits you!!
You die...
Your body crumbles into a pile of gold.

###............ '....#
#............ $ #....#
##########... #....# #...
#.y..# #... '####....##
#... .....§c§§§# #...
.....§§§§.### #...
.....§§@§§..# #...
.....§§§§.>.# #...
......§§§§..####+####...
........................
.####...................
###..#.....(.............
#....#...................
#....#...................
#....+...................


You could see a centaur warrior.

Vanquished Creatures
  A boulder beetle (D:12)
  Fannar (D:10)
  A hydra (D:13)
  2 centaur warriors
  Erica (D:9)
  2 two-headed ogres
  7 death yaks (D:10)
  An unseen horror (D:13)
  2 deep elf magi (D:13)
  Pikel (D:7)
  2 ugly things
  6 centaur zombies
  Maggie (D:7)
  A gargoyle (D:10)
  2 trolls
  A hornet (D:9)
  A polar bear (shapeshifter) (D:13)
  Grinder (D:4)
  13 yaks
  2 vampires (D:13)
  2 shadows (D:12)
  3 wraiths
  Sigmund (D:5)
  2 wyverns
  A basilisk (D:13)
  4 vampire mosquitoes (D:13)
  2 swamp worms (D:12)
  2 acid dragons (D:12)
  A water moccasin (D:8)
  10 orc warriors
  Duvessa (D:6)
  2 eyes of draining
  3 ice beasts
  3 black bears
  4 phantoms
  6 sky beasts
  2 necrophages
  11 ogres
  A hornet zombie (D:13)
  3 centaurs
  6 big kobolds
  6 bullfrogs
  3 gnoll sergeants (D:12)
  2 wyvern zombies
  A wyvern skeleton (D:12)
  Dowan (D:6)
  A scorpion (D:7)
  7 killer bees (D:8)
  22 wights
  5 howler monkeys
  2 bullfrog zombies
  3 bullfrog skeletons
  3 jellies
  20 orc wizards
  6 hounds
  Crazy Yiuf (D:3)
  A gnoll shaman (D:7)
  8 orc priests
  Natasha (thrice) (D:3)
  3 iguanas
  5 worker ants
  A killer bee zombie (D:8)
  2 human simulacra (D:9)
  A hound zombie (D:6)
  A mummy (D:9)
  A worker ant zombie (D:9)
  A howler monkey skeleton (D:9)
  7 adders
  2 gnolls (D:12)
  A shadow imp (D:8)
  A white imp (D:6)
  4 ufetubi
  An ooze (D:2)
  An adder skeleton (D:6)
  An adder zombie (D:2)
  2 worms
  A dart slug (D:2)
  3 leopard geckos
  91 orcs
  9 bats
  2 bat zombies (D:7)
  10 giant cockroaches
  8 goblins
  10 hobgoblins
  8 jackals
  5 quokkas
  9 frilled lizards
  A jackal skeleton (D:8)
  19 kobolds
  A leopard gecko zombie (D:5)
  A quokka skeleton (D:9)
  10 rats
437 creatures vanquished.

Vanquished Creatures (others)
  3 plants (D:12)
  2 withered plants (D:9)
5 creatures vanquished.

Grand Total: 442 creatures vanquished

Notes
Turn   | Place    | Note
-------+----------+-------------------------------------------
     0 | D:1      | vvl the Octopode Fighter began the quest for the Orb.
     0 | D:1      | Reached XP level 1. HP: 16/16 MP: 1/1
   221 | D:1      | Reached XP level 2. HP: 13/21 MP: 2/2
   689 | D:1      | Reached XP level 3. HP: 26/26 MP: 3/3
  1303 | D:2      | Reached skill level 1 in Poison Magic
  1333 | D:2      | Reached skill level 1 in Transmutations
  1560 | D:2      | Found a white marble altar of Elyvilon.
  1595 | D:2      | Found an opulent altar of Gozag.
  1604 | D:2      | Reached XP level 4. HP: 24/31 MP: 5/5
  1620 | D:2      | Became a worshipper of Gozag Ym Sagoz the Greedy
  1844 | D:2      | Found a sacrificial altar of Ru.
  2264 | D:2      | Reached skill level 3 in Unarmed Combat
  2269 | D:2      | Reached skill level 1 in Spellcasting
  2697 | D:3      | Reached XP level 5. HP: 23/36 MP: 6/6
  3281 | D:3      | Noticed Natasha
  3286 | D:3      | Killed Natasha
  4419 | D:2      | Reached XP level 6. HP: 29/42 MP: 8/8
  4809 | D:3      | Found a glowing golden altar of the Shining One.
  4812 | D:3      | Found a white marble altar of Elyvilon.
  4812 | D:3      | Found a burning altar of Makhleb.
  4815 | D:3      | Found a shadowy altar of Dithmenos.
  4956 | D:3      | Noticed Natasha
  4962 | D:3      | Killed Natasha
  4989 | D:3      | Found a runed translucent door.
  4990 | D:3      | Noticed Crazy Yiuf
  5119 | D:3      | Noticed Natasha
  5126 | D:3      | Killed Natasha
  5204 | D:3      | Killed Crazy Yiuf
  5620 | D:4      | Found Siacihy's Gadget Emporium.
  5723 | D:4      | Found a shadowy altar of Dithmenos.
  5788 | D:4      | Found a staircase to the Ecumenical Temple.
  5900 | D:4      | Noticed Grinder
  5916 | D:4      | Killed Grinder
  5917 | D:4      | Reached skill level 4 in Unarmed Combat
  5917 | D:4      | Reached XP level 7. HP: 47/47 MP: 8/10
  5977 | D:4      | Found a snail-covered altar of Cheibriados.
  6222 | D:5      | Entered Level 5 of the Dungeon
  6299 | D:5      | Noticed Sigmund
  6318 | D:5      | Learned a level 3 spell: Spider Form
  6458 | D:5      | Killed Sigmund
  6543 | D:5      | Reached XP level 8. HP: 40/54 MP: 5/11
  6776 | D:5      | Reached skill level 5 in Unarmed Combat
  6825 | D:6      | Noticed Dowan
  7136 | D:5      | Found a basalt altar of Yredelemnul.
  8249 | D:6      | Reached XP level 9. HP: 43/59 MP: 8/13
  8504 | D:6      | Noticed Duvessa
  8518 | D:6      | Killed Dowan
  8519 | D:6      | Killed Duvessa
  8520 | D:6      | Reached skill level 6 in Unarmed Combat
  8955 | D:6      | Reached skill level 5 in Fighting
  8955 | D:6      | Reached skill level 5 in Shields
  9163 | D:6      | Reached skill level 5 in Transmutations
  9177 | D:6      | Reached skill level 5 in Dodging
  9552 | D:6      | Reached skill level 5 in Poison Magic
 10085 | D:7      | Noticed Maggie
 10117 | D:7      | Killed Maggie
 10118 | D:7      | Reached skill level 7 in Unarmed Combat
 10324 | D:7      | Found an ancient bone altar of Kikubaaqudgha.
 10406 | D:7      | Reached XP level 10. HP: 64/66 MP: 14/16
 10487 | D:7      | Noticed Pikel
 10500 | D:7      | Killed Pikel
 11055 | D:7      | Learned a level 3 spell: Mephitic Cloud
 11059 | D:7      | Learned a level 3 spell: Ignite Poison
 11907 | D:8      | Found a roughly hewn altar of Beogh.
 12072 | D:8      | Found Zidwinyi's Antique Armour Shoppe.
 12676 | D:9      | Noticed Erica
 12689 | D:9      | Killed Erica
 12690 | D:9      | Reached skill level 8 in Unarmed Combat
 12767 | D:9      | Noticed a two-headed ogre
 12771 | D:9      | Got a polished short sword
 12780 | D:9      | Killed a two-headed ogre
 12781 | D:9      | Reached skill level 5 in Spellcasting
 12781 | D:9      | Reached XP level 11. HP: 74/74 MP: 15/18
 13209 | D:9      | Found an iron altar of Okawaru.
 13581 | D:9      | Got a heavily runed buckler
 13592 | D:9      | Identified the +0 buckler of Casmy {*Drain rN+++ Str+7}
                  | (You found it on level 9 of the Dungeon)
 13915 | D:10     | Entered Level 10 of the Dungeon
 14404 | D:10     | Found Umiaxe's Assorted Antiques.
 14407 | D:10     | Bought a scroll labelled LAAFRY JIMAELL for 31 gold pieces
 14407 | D:10     | Bought a scroll labelled XAFUSHEUDY for 31 gold pieces
 14407 | D:10     | Bought a scroll labelled CES KI AROL for 31 gold pieces
 14572 | D:10     | Noticed Fannar
 14586 | D:10     | Killed Fannar
 14785 | D:10     | Found Siwn's Antique Weapon Emporium.
 14919 | D:10     | Reached skill level 9 in Unarmed Combat
 14982 | D:10     | Found Tenudeczoa's Armour Emporium.
 15122 | D:10     | Noticed a death yak
 15141 | D:10     | Killed a death yak
 15147 | D:10     | Noticed a death yak
 15180 | D:10     | Noticed a death yak
 15190 | D:10     | Noticed a death yak
 15190 | D:10     | Noticed a death yak
 15190 | D:10     | Noticed a death yak
 15191 | D:10     | Noticed a death yak
 15394 | D:10     | Killed a death yak
 15952 | D:10     | Learned a level 4 spell: Ice Form
 16122 | D:9      | Learned a level 4 spell: Olgreb's Toxic Radiance
 16134 | D:10     | Killed a death yak
 16144 | D:10     | Killed a death yak
 16153 | D:10     | Killed a death yak
 16153 | D:10     | Killed a death yak
 16154 | D:10     | Reached XP level 12. HP: 37/81 MP: 1/21
 16556 | D:10     | Killed a death yak
 16683 | D:10     | Found a staircase to the Lair.
 16810 | D:11     | Noticed a centaur warrior
 16816 | D:11     | Killed a centaur warrior
 17105 | D:11     | Reached skill level 10 in Unarmed Combat
 17108 | D:11     | Reached skill level 1 in Evocations
 18291 | D:12     | Found a frozen archway.
 18308 | D:12     | Noticed a boulder beetle
 18328 | D:12     | Killed a boulder beetle
 18549 | IceCv    | Entered an ice cave
 18557 | IceCv    | Found a transporter.
 19339 | D:12     | Reached skill level 10 in Transmutations
 19715 | D:12     | Found Samoloat's General Store.
 19728 | D:12     | Bought a potion of invisibility for 104 gold pieces
 19728 | D:12     | Bought a scroll of identify for 26 gold pieces
 19728 | D:12     | Bought a potion of brilliance for 52 gold pieces
 19728 | D:12     | Bought a scroll of acquirement for 676 gold pieces
 19728 | D:12     | Bought a potion of ambrosia for 104 gold pieces
 19728 | D:12     | Bought a scroll of magic mapping for 45 gold pieces
 19740 | D:12     | Acquired 907 gold pieces
 19750 | D:12     | Identified the cursed +1 short sword "Laet" {speed, rF+++
                  | Stlth+} (You found it on level 9 of the Dungeon)
 20011 | D:12     | Found a staircase to the Orcish Mines.
 20016 | D:12     | Reached XP level 13. HP: 79/88 MP: 11/23
 20280 | D:13     | Found a hazy altar of Hepliaklqana.
 20419 | D:13     | Reached skill level 11 in Unarmed Combat
 21623 | D:13     | Shot with an arrow by a centaur warrior

Illustrated notes

Levels and vault maps discovered:
D:1:      lemuel_arrival_muddy, layout_basic
D:2:      layout_basic, grunt_gozag_statues, old_standard_altar,
          elyvilon_altar_1
D:3:      layout_rooms, grunt_temple_overflow_open, uniq_crazy_yiuf_cottage,
          uniq_natasha
D:4:      layout_basic, nicolae_overflow_hidden_temple,
          minmay_temple_entry_ruins, serial_shops, shop,
          nicolae_dithmenos_through_a_glass_darkly, uniq_grinder
D:5:      layout_basic, lemuel_doored_altar, lightli_corner_chamber,
          uniq_sigmund
D:6:      layout_rooms, minmay_puff, uniq_duvessa
D:7:      minmay_clustersquares, layout_rooms,
          lemuel_zombie_altar_kikubaaqudgha, corexii_checkpoint_a,
          grunt_decor_cap, uniq_pikel, uniq_maggie
D:8:      layout_rooms, special_room [special_room_orc], serial_shops, shop
D:9:      layout_small_grid, lemuel_round_altar, serial_undead, serial_undead_c,
          serial_undead_b, serial_undead_b, serial_undead_b, bh_circular_ruins,
          uniq_erica
D:10:     layout_gridville, dpeg_lair_monsters, serial_shops,
          nicolae_shop_waterfront, shop, shop, uniq_fannar
D:11:     layout_roguey
D:12:     layout_rooms, kennysheep_orc_monster_closet_entryway, serial_shops,
          shop_statue, portal_ice_cave_entry_pillars_1, minmay_crystal_room,
          worms_lemuel
D:13:     minmay_bloctagon, layout_irregular_city, basic_altar

Skill      XL: |  1  2  3  4  5  6  7  8  9 10 11 12 13 |
---------------+----------------------------------------+-----
Poison Magic   | 1 2 3 4 5 6 7 8 |  8.0
Transmutations | 1 2 3 4 5 7 8 10 | 10.7
Unarmed Combat | 3 4 5 7 8 9 10 11 | 11.3
Spellcasting   | 1 2 3 4 5 6 7 |  7.2
Shields        | 4 5 |  5.3
Fighting       | 4 5 6 7 8 |  8.5
Dodging        | 4 5 6 7 8 |  8.4
Evocations     | 3 4 |  4.2

Action                   |  1- 3 |  4- 6 |  7- 9 | 10-12 | 13-15 || total
-------------------------+-------+-------+-------+-------+-------++-------
Melee: Unarmed           |    93 |   169 |   341 |   505 |    97 ||  1205
       Constrict         |    30 |    49 |    20 |    44 |       ||   143
       Tentacles         |    15 |    32 |    25 |    69 |     4 ||   145
       Punch             |     1 |     4 |     6 |    18 |     4 ||    33
 Cast: Spider Form       |       |       |    26 |    30 |     2 ||    58
       Mephitic Cloud    |       |       |       |    23 |       ||    23
       Ignite Poison     |       |       |       |    22 |       ||    22
       Olgreb's Toxic Ra |       |       |       |    26 |     5 ||    31
       Ice Form          |       |       |       |     3 |     8 ||    11
 Abil: End Transformatio |       |       |       |     1 |       ||     1
Evoke: Wand              |       |       |       |     9 |     4 ||    13
  Use: Potion            |       |     5 |     1 |     5 |     1 ||    12
       Scroll            |       |     6 |     2 |     9 |     1 ||    18
 Stab: Sleeping          |     5 |     3 |     2 |     1 |       ||    11
       Distracted        |       |       |     1 |     3 |     1 ||     5
       Confused          |       |       |       |     3 |       ||     3
Armor: Skin              |    15 |    13 |    36 |    41 |    37 ||   142
Dodge: Dodged            |    45 |    76 |   199 |   353 |   109 ||   782
Block: Kite shield       |    48 |    60 |     3 |       |       ||   111
       Buckler           |       |       |    16 |    35 |     4 ||    55
